 Dungeon Crawl Stone Soup version 0.30-a0-870-gc5d4c5acee (webtiles) character file.

Game seed: 808431535316448431

107 Mickster the Covered (level 4, 0/38 HPs)
             Began as a Demigod Fighter on Mar 11, 2023.
             Succumbed to a killer bee's poison
             ... on level 3 of the Dungeon.
             The game lasted 00:18:56 (1495 turns).

Mickster the Covered (Demigod Fighter)              Turns: 1495, Time: 00:18:56

Health: 0/38       AC:  6    Str: 21    XL:     4   Next: 32%
Magic:  6/6        EV:  9    Int: 10    God:
Gold:   102        SH:  4    Dex: 13    Spells: 3/3 levels left

rFire   + . .      SeeInvis .    a - +1 war axe (spect)
rCold   . . .      Faith    .    c - +0 buckler
rNeg    . . .      Spirit   .    b - +0 scale mail
rPois   .          Reflect  .    (no helmet)
rElec   .          Rampage  .    (no cloak)
rCorr   .                        (no gloves)
Will    .....                    (no boots) Stlth
                                 (no amulet)
HPRegen 0.26/turn                l - ring of protection from fire
MPRegen 0.10/turn                (no ring)

@: lethally poisoned (0 -> -2)
A: high MP 1, forlorn, divine attributes
a: no special abilities


You were on level 3 of the Dungeon.
You visited 1 branch of the dungeon, and saw 3 of its levels.

You collected 102 gold pieces.

Inventory:

Hand Weapons
 a - a +1 spectral war axe (weapon)
 e - a +0 sling
 h - a +0 spear
 k - a +2 whip of electrocution
Missiles
 f - 16 stones (quivered)
Armour
 b - a +0 scale mail (worn)
 c - a +0 buckler (worn)
Jewellery
 l - a ring of protection from fire (left hand)
Wands
 g - a wand of polymorph (7)
Scrolls
 i - 2 scrolls of identify
Potions
 d - a potion of might
 j - a potion of curing
 p - a potion of lignification


   Skills:
 + Level 3.2 Fighting
 * Level 2.2(2.5) Axes
 - Level 1.5(2.1) Maces & Flails
 + Level 3.4 Armour
 + Level 0.2 Dodging
 + Level 3.1 Shields


You had 3 spell levels left.
You didn't know any spells.
Your spell library contained the following spells:

 Spells                   Type           Power      Damage    Failure   Level
 Scorch                   Fire           0%         2d5       90%         2
 Flame Wave               Conj/Fire      0%         2d4       100%        4
 Summon Cactus Giant      Summ           0%         N/A       100%        6


Dungeon Overview and Level Annotations

Branches:
Dungeon (3/15)


Innate Abilities, Weirdness & Mutations

You have an increased reservoir of magic. (+10% MP)
You shall have no god before yourself.
Your divine heritage dramatically boosts your attributes as you level up.


Message History

Really target yourself?
Okay, then.
Throw: 17 stones
Press: ? - help, Q - select action, (/) - cycle Shift-Dir - straight line You throw a stone.
Aiming: Polymorph
Press: ? - help, Shift-Dir - straight line A killer bee appears out of thin air!
Reactivating autopickup.
The killer bee stings you!
You are poisoned.
The killer bee poisons you!
The killer bee stings you but does no damage.
You miss the killer bee.
The killer bee is heavily wounded.
Your +1 spectral war axe misses the killer bee.
You feel very sick. The killer bee stings you. x2
You miss the killer bee.
The killer bee is heavily wounded.
Your +1 spectral war axe hits the killer bee.
You feel sick.
The killer bee stings you but does no damage.
The killer bee barely misses you. The killer bee stings you.
You closely miss the killer bee.
The killer bee is severely wounded.
Your +1 spectral war axe barely misses the killer bee.
You feel sick. The killer bee closely misses you. The killer bee stings you.
* * * LOW HITPOINT WARNING * * *
The killer bee stings you but does no damage.
You miss the killer bee.
The killer bee is severely wounded.
Your +1 spectral war axe completely misses the killer bee.
You feel sick. The killer bee stings you!
* * * LOW HITPOINT WARNING * * *
You block the killer bee's attack. The killer bee barely misses you.
You barely miss the killer bee.
The killer bee is severely wounded.
Your +1 spectral war axe misses the killer bee.
You die...

........... ## <##.#####..
.. .##.#####.##.# #.
....#......... #.
#.....###.##.# #.#####
..#........# ####.....#
..#.#####...######..##.##.#
..#.# ##.≈..#8..#.##.#
..#.##### #{≈y@'._...##.#
......... #.≈(.#8..####.#
..####### ######..## #.#
..## ##### #.# ...# #.#
####.# ##.# #.# #....# ##.#
#<# #.#### ##.# ####
#.####.# ...# #.. #......#


You could see a killer bee and a friendly +1 spectral war axe (summoned).

Vanquished Creatures
  Jessica (D:2)
  An orc wizard (D:3)
  Natasha (D:2)
  2 worms
  2 orcs (D:3)
  3 endoplasms
  A giant cockroach (D:1)
  2 goblins
  2 hobgoblins (D:1)
  A kobold (D:1)
  2 quokkas (D:1)
  4 ball pythons
  A bat (D:2)
  2 frilled lizards
25 creatures vanquished.

Vanquished Creatures (others)
  A demonic plant (D:2)
  3 fungi
  A plant (D:2)
5 creatures vanquished.

Grand Total: 30 creatures vanquished

Notes
Turn   | Place    | Note
-------+----------+-------------------------------------------
     0 | D:1      | Mickster the Demigod Fighter began the quest for the Orb.
     0 | D:1      | Reached XP level 1. HP: 18/18 MP: 3/3
   206 | D:1      | Reached XP level 2. HP: 18/25 MP: 4/4
   890 | D:2      | Noticed Natasha
   909 | D:2      | Killed Natasha
   910 | D:2      | Reached skill level 1 in Maces & Flails
   910 | D:2      | Reached XP level 3. HP: 24/31 MP: 5/5
   945 | D:2      | Noticed Jessica
   955 | D:2      | Killed Jessica
  1129 | D:3      | Reached XP level 4. HP: 17/38 MP: 6/6
  1495 | D:3      | Succumbed to a killer bee's poison

Illustrated notes

Levels and vault maps discovered:
D:1:      onia_arrival_mini_maze_b, layout_loops_cross, feat_on_display
D:2:      layout_basic, shapermc_ecumenical_altar_gd, uniq_jessica, uniq_natasha
D:3:      layout_loops_ring, nicolae_kikubaaqudgha_miasma_corner, led_sif_book,
          mainiacjoe_overflow_two_lobes

Skill      XL: |  1  2  3 |
---------------+----------+-----
Fighting       | 3 |  3.2
Maces & Flails | 1 |  1.5
Armour         | 3 |  3.4
Shields        | 3 |  3.1
Axes           | 2 |  2.2
Dodging        | |  0.2

Action                     |  1- 3 |  4- 6 || total
---------------------------+-------+-------++-------
  Melee: War axe           |    28 |    30 ||    58
         Whip              |    42 |       ||    42
  Throw: Stone             |       |     4 ||     4
  Evoke: Wand              |     1 |     2 ||     3
    Use: Potion            |     3 |     2 ||     5
         Scroll            |     5 |       ||     5
 Armour: Scale mail        |    19 |    19 ||    38
  Dodge: Dodged            |    29 |     8 ||    37
  Block: Buckler           |    10 |     2 ||    12

Table legend: (Time is in decaauts)
 A = Elapsed time spent in this place.
 B = Non-inter-level travel time spent in this place.
 C = Inter-level travel time spent in this place.
 D = Time resting spent in this place.
 E = Time spent auto-exploring this place.
 F = Levels seen in this place.
 G = Mean time per level.
                   A        B        C        D        E       F      G
               +--------+--------+--------+--------+--------+-----+--------+
         Total |   1512 |   1453 |     59 |    261 |      0 |   3 |  504.0 |
       Dungeon |   1512 |   1453 |     59 |    261 |      0 |   3 |  504.0 |
               +--------+--------+--------+--------+--------+-----+--------+

Top non-repeatable levels by time:
     D:2: 628 daAuts
     D:3: 492 daAuts
     D:1: 391 daAuts
